 Dungeon Crawl Stone Soup version 0.25.1-2-g60ff931df9 (webtiles) character file.

Game seed: 10370809317932231597

1694 DildoBatman the Conjurer (level 9, -1/61 HPs)
             Began as a Formicid Wizard on Aug 4, 2020.
             Was a Believer of Kikubaaqudgha.
             Slain by a mummy (18 damage)
             ... in an ossuary.
             The game lasted 00:22:15 (5613 turns).

DildoBatman the Conjurer (Formicid Wizard)          Turns: 5613, Time: 00:22:16

Health: -1/61      AC:  4    Str: 11    XL:     9   Next: 22%
Magic:  18/22      EV: 12    Int: 22    God:    Kikubaaqudgha [**....]
Gold:   482        SH:  0    Dex:  9    Spells: 7/14 levels left

rFire    . . .     SeeInvis +   a - +2 hunting sling (flame)
rCold    . . .     Gourm    .   (no shield)
rNeg     . . .     Faith    .   n - +0 robe
rPois    .         Spirit   .   (helmet unavailable)
rElec    .         Reflect  .   (no cloak)
rCorr    .         Harm     .   M - +0 pair of gloves
MR       .....                  y - +0 pair of boots
Stlth    ++........             (no amulet)
HPRegen  0.20/turn              c - ring of wizardry
MPRegen  0.18/turn              B - ring of magical power

@: no status effects
A: permanent stasis, dig shafts and tunnels, four strong arms, antennae 3
a: Dig, Shaft Self, Receive Corpses, Renounce Religion


You were in an ossuary.
You worshipped Kikubaaqudgha.
Kikubaaqudgha was pleased with you.
You were very hungry.

You visited 2 branches of the dungeon, and saw 7 of its levels.
You also visited: Ossuary.

You collected 482 gold pieces.

Inventory:

Hand Weapons
 a - a +2 hunting sling of flaming (weapon)
 b - a +3 short sword of draining
 e - a +2 trident of flaming
 q - a +1 dagger of venom
 w - a cursed -1 dagger
 I - a +2 vorpal hand axe
Missiles
 i - 76 bolts
 j - 251 stones (quivered)
 t - 5 datura-tipped darts
 A - 34 sling bullets
 D - 2 poisoned darts
Armour
 n - a +0 robe (worn)
 o - a +2 scale mail of cold resistance
 y - a +0 pair of boots (worn)
 M - a +0 pair of gloves (worn)
Jewellery
 c - a ring of wizardry (left hand)
 l - an uncursed ring of flight
 B - a ring of magical power (right hand)
 H - a +6 ring of strength
Wands
 k - a wand of acid (4)
 z - a wand of clouds (1)
 J - a wand of disintegration (20)
 L - a wand of enslavement (7)
Scrolls
 d - a scroll of fear
 g - a scroll of enchant weapon
 h - 2 scrolls of immolation
 r - 2 scrolls of random uselessness {unknown}
 u - a scroll of blinking {unknown}
 x - 2 scrolls of remove curse
 G - 6 scrolls of identify
Potions
 f - 2 potions of curing
 m - a potion of resistance {unknown}
 p - a potion of might {unknown}
 s - a potion of haste {unknown}
 C - a potion of lignification {unknown}
 E - a potion of invisibility
Comestibles
 v - 12 rations


   Skills:
 * Level 2.2 Fighting
 * Level 2.2 Armour
 * Level 2.7 Dodging
 - Level 2.4 Stealth
 - Level 3.2 Spellcasting
 - Level 6.0 Conjurations
   Level 1.0 Summonings
   Level 0.8 Translocations
 - Level 5.0 Fire Magic
 - Level 5.0 Air Magic


You had 7 spell levels left.
You knew the following spells:

 Your Spells              Type           Power        Failure   Level  Hunger
a - Conjure Flame         Conj/Fire      ####....     1%          3    ###....
c - Magic Dart            Conj           ####         1%          1    None
e - Mephitic Cloud        Conj/Pois/Air  ###.....     3%          3    ###....

Your spell library contained the following spells:

 Spells                   Type           Power        Failure   Level  Hunger
 Corpse Rot               Necr/Air       N/A          2%          2    ##.....
 Freeze                   Ice            #...         4%          1    None
 Pain                     Necr           #...         4%          1    None
 Call Imp                 Summ           #.......     4%          2    ##.....
 Slow                     Hex            #.......     8%          2    ##.....
 Sublimation of Blood     Necr           #.........   8%          2    ##.....
 Hailstorm                Conj/Ice       ###.....     14%         4    ####...
 Frozen Ramparts          Ice            #.....       16%         3    ###....
 Ozocubu's Armour         Chrm/Ice       #.......     16%         3    ###....
 Vampiric Draining        Necr           #.........   16%         3    ###....
 Summon Ice Beast         Ice/Summ       #.......     36%         4    ####...
 Blink                    Tloc           Unusable     N/A         2    N/A

Dungeon Overview and Level Annotations

Branches:
Dungeon (6/15)             Temple (1/1) D:5         Ossuary (1/1)

Altars:
Ashenzari
Cheibriados
Dithmenos
Gozag
Hepliaklqana
Kikubaaqudgha
Makhleb
Nemelex Xobeh
Ru
Trog
Vehumet
Xom
Yredelemnul
Zin
The Shining One


Innate Abilities, Weirdness & Mutations

You cannot be hasted, slowed, berserked, paralysed or teleported.
You can dig through walls and to a lower floor.
Your four strong arms can wield two-handed weapons with a shield.
You have a pair of large antennae on your head. (SInv)


Message History

Aim: a mummy (moderately damaged)
The magic dart hits the mummy.
The mummy is heavily damaged.
There is an empty arch of ancient stone here.
The mummy hits you!
A hobgoblin zombie comes into view.
A kobold zombie comes into view.
The kobold zombie moves out of view.
A hobgoblin zombie comes into view. 2 mummies and a zombie come into view.
Casting: Magic Dart (safe; 1% risk of failure)
Confirm with . or Enter, or press ? or * to list all spells.
Aiming: Magic Dart (safe; 1% risk of failure)
Press: ? - help, Shift-Dir - straight line, f/p - mummy
Aim: a mummy (heavily damaged)
The magic dart hits the mummy.
The mummy is severely damaged.
The mummy hits you!!
You die...
Kikubaaqudgha rasps: "You have failed me!
Welcome... death!"

....(.......
#{.(.MZ((#
#((....#
#Z...#
#..(.#
#....#
#(...#
#.M..#
#@...#
#....#
#....#
#.∩∩.#
######


You could see 2 mummies and 2 hobgoblin zombies.

Vanquished Creatures
  Duvessa (D:4)
  A phantom (D:5)
  2 big kobolds (D:2)
  An elf zombie (D:6)
  5 bullfrogs
  4 elf skeletons (D:6)
  A scorpion (D:5)
  Dowan (D:4)
  A crimson imp (D:6)
  A human zombie (D:6)
  4 jellies
  An orc priest (D:5)
  2 hounds
  Terence (D:1)
  4 orc wizards (D:5)
  An iguana (D:5)
  2 worker ants
  2 hound skeletons (D:4)
  A mummy (Ossuary)
  5 adders
  10 oozes
  An adder skeleton (D:4)
  2 worms
  4 leopard geckos
  15 orcs
  5 bats
  5 giant cockroaches
  5 goblins
  6 hobgoblins
  10 jackals
  15 kobolds
  4 quokkas
  6 ball pythons
  4 frilled lizards
  3 hobgoblin zombies (Ossuary)
  A leopard gecko skeleton (D:5)
  2 orc skeletons (D:6)
  4 orc zombies
  5 rats
  A butterfly (D:5)
149 creatures vanquished.

Vanquished Creatures (others)
  2 fungi (D:2)
  10 toadstools (D:2)
12 creatures vanquished.

Grand Total: 161 creatures vanquished

Notes
Turn   | Place    | Note
-------+----------+-------------------------------------------
     0 | D:1      | DildoBatman the Formicid Wizard began the quest for the
                  | Orb.
     0 | D:1      | Reached XP level 1. HP: 13/13 MP: 4/4
    39 | D:1      | Reached skill level 1 in Conjurations
   209 | D:1      | Reached XP level 2. HP: 17/19 MP: 3/6
   340 | D:1      | Reached skill level 2 in Conjurations
  1007 | D:2      | Reached XP level 3. HP: 24/24 MP: 4/7
  1012 | D:2      | Learned a level 3 spell: Conjure Flame
  1023 | D:2      | Learned a level 3 spell: Mephitic Cloud
  1102 | D:2      | Noticed Terence
  1340 | D:2      | Found a burning altar of Makhleb.
  1343 | D:2      | Found an opulent altar of Gozag.
  1394 | D:2      | Reached skill level 3 in Conjurations
  1478 | D:2      | Reached XP level 4. HP: 18/30 MP: 1/8
  2057 | D:3      | Noticed a big kobold
  2057 | D:3      | Noticed a big kobold
  2241 | D:3      | Found a basalt altar of Yredelemnul.
  2608 | D:4      | Reached skill level 4 in Conjurations
  2608 | D:4      | Reached XP level 5. HP: 35/35 MP: 9/9
  2710 | D:4      | Noticed Duvessa
  3194 | D:5      | Entered Level 5 of the Dungeon
  3218 | D:5      | Found a staircase to the Ecumenical Temple.
  3247 | Temple   | Entered the Ecumenical Temple
  3340 | Temple   | Became a worshipper of Kikubaaqudgha
  3504 | D:4      | Noticed Dowan
  3511 | D:4      | Killed Dowan
  3511 | D:4      | Reached XP level 6. HP: 40/41 MP: 10/10
  3533 | D:4      | Killed Duvessa
  3533 | D:4      | Reached skill level 5 in Conjurations
  3533 | D:4      | Reached skill level 1 in Fire Magic
  3533 | D:4      | Reached skill level 1 in Air Magic
  3688 | D:2      | Reached XP level 7. HP: 27/46 MP: 11/11
  3725 | D:1      | Killed Terence
  4033 | D:5      | Reached XP level 8. HP: 32/52 MP: 10/12
  4056 | D:5      | Reached * piety under Kikubaaqudgha
  4056 | D:5      | Identified Kikubaaqudgha's Tome of Black Rituals
                  | (Kikubaaqudgha gifted it to you on level 5 of the Dungeon)
  4056 | D:5      | Received a gift from Kikubaaqudgha
  4064 | D:5      | Reached skill level 6 in Conjurations
  4140 | D:5      | Found a shimmering altar of Xom.
  4140 | D:5      | Found a shimmering altar of Xom.
  4140 | D:5      | Found a shimmering altar of Xom.
  4140 | D:5      | Found a shimmering altar of Xom.
  4140 | D:5      | Found a shimmering altar of Xom.
  4141 | D:5      | Found a shimmering altar of Xom.
  4141 | D:5      | Found a shimmering altar of Xom.
  4477 | D:5      | Found a glowing silver altar of Zin.
  4967 | D:6      | Found a shadowy altar of Dithmenos.
  5087 | D:6      | Found a shimmering altar of Xom.
  5134 | D:6      | Reached skill level 5 in Fire Magic
  5315 | D:6      | Reached skill level 5 in Air Magic
  5315 | D:6      | Reached XP level 9. HP: 51/57 MP: 13/13
  5325 | D:6      | Found a sand-covered staircase.
  5373 | D:6      | Reached skill level 1 in Fighting
  5373 | D:6      | Reached skill level 1 in Armour
  5487 | D:6      | Reached ** piety under Kikubaaqudgha
  5571 | Ossuary  | Entered an ossuary
  5613 | Ossuary  | Slain by a mummy

Illustrated notes

Levels and vault maps discovered:
D:1:      sevenhm_arrival_forest_fort_small_6, layout_loops_cross,
          corexii_corridor_pit, minmay_shallow_snake_nest
D:2:      cheibrodos_fertilizer, layout_rooms,
          chequers_temple_overflow_statue_of_worship, uniq_terence
D:3:      cheibrodos_thug_alley, layout_rooms, lemuel_crystal_altar
D:4:      layout_loops_ring, uniq_duvessa
D:5:      layout_loops_ring, zin_treasury, minmay_temple_entry_butterflies,
          first_ration, xom_redecorated
D:6:      layout_basic, lemuel_doored_altar, nicolae_dithmenos_the_darkroom,
          nicolae_ossuary_entry_catacombs
Temple:   compressed_dpeg_triangle_lava_temple
Ossuary:  ossuary_tomb_3

Skill      XL: |  1  2  3  4  5  6  7  8  9 |
---------------+----------------------------+-----
Conjurations   | 1 2 3 4 5 6 |  6.0
Fire Magic     | 2 3 5 |  5.0
Air Magic      | 1 2 5 |  5.0
Fighting       | 2 |  2.2
Armour         | 2 |  2.2
Dodging        | 2 |  2.7
Stealth        | |  2.4
Spellcasting   | |  3.2
Summonings     | |  1.0
Translocations | |  0.8

Action                   |  1- 3 |  4- 6 |  7- 9 || total
-------------------------+-------+-------+-------++-------
Melee: Dagger            |    22 |    24 |     1 ||    47
       Short sword       |       |    11 |   131 ||   142
 Fire: Hunting sling     |       |    75 |    18 ||    93
Throw: Dart              |       |     3 |       ||     3
       Stone             |       |     2 |       ||     2
 Cast: Magic Dart        |    57 |    23 |    56 ||   136
       Mephitic Cloud    |     1 |     5 |    15 ||    21
       Conjure Flame     |       |     6 |    21 ||    27
 Abil: Dig               |       |     4 |    10 ||    14
  Use: Scroll            |       |     5 |     1 ||     6
       Potion            |       |     1 |       ||     1
 Stab: Sleeping          |     1 |       |       ||     1
       Confused          |       |     2 |     5 ||     7
  Eat: Chunk             |     1 |     8 |    10 ||    19
Armor: Robe              |     5 |     9 |    17 ||    31
Dodge: Dodged            |    21 |    34 |    74 ||   129
